 Dungeon Crawl Stone Soup version 0.28-a0-32-g8dfe7f97f6 (webtiles) character file.

Game seed: 1001744975957133802

7 willcat the Sneak (level 2, 0/19 HPs)
             Began as a Kobold Delver on July 27, 2021.
             Shot with an arrow by a centaur (6 damage)
             ... on level 6 of the Dungeon.
             The game lasted 00:00:21 (302 turns).

willcat the Sneak (Kobold Delver)                    Turns: 302, Time: 00:00:22

Health: 0/19       AC:  3    Str:  9    XL:     2   Next: 5%
Magic:  2/2        EV: 14    Int: 11    God:
Gold:   31         SH:  0    Dex: 16    Spells: 1/1 levels left

rFire   . . .      SeeInvis .   a - +0 short sword
rCold   . . .      Faith    .   (shield restricted)
rNeg    . . .      Spirit   .   b - +0 leather armour
rPois   .          Reflect  .   (no helmet)
rElec   .          Harm     .   (no cloak)
rCorr   .          Rampage  .   (no gloves)
Will    .....                   (no boots)
Stlth   ++++......              (no amulet)
HPRegen 0.06/turn               (no ring)
MPRegen 0.08/turn               (no ring)

@: no status effects
A: small, no large weapons, nightstalker 3
a: no special abilities


You were on level 6 of the Dungeon.
You visited 1 branch of the dungeon, and saw 2 of its levels.

You collected 31 gold pieces.

Inventory:

Hand Weapons
 a - a +0 short sword (weapon)
Armour
 b - a +0 leather armour (worn)
Wands
 g - a wand of digging (3)
Scrolls
 c - a scroll of fog
 d - a scroll of magic mapping
 e - a scroll of fear
Potions
 f - a potion of haste
 h - a potion of curing {unknown}


   Skills:
 - Level 3.2 Fighting
 + Level 3.0 Short Blades
 + Level 2.7 Dodging
 + Level 6.8 Stealth


You had one spell level left.
You didn't know any spells.
Your spell library was empty.

Dungeon Overview and Level Annotations

Branches:
Dungeon (6/15)
 Temple: D:4-7

Altars:
Vehumet

Annotations:
D:6 exclusion: statue


Innate Abilities, Weirdness & Mutations

You are small and have problems with some larger weapons.
You are completely attuned to the shadows.


Message History

Welcome, willcat the Kobold Delver.
Will you be the one to retrieve the transcendent Orb of Zot from the depths?
Press ? for a list of commands and other information.
Found a stone staircase leading down.
Found a stone staircase leading up.
There is a stone staircase leading up here.
Found 27 bolts and 28 sling bullets.
h - a coppery potion
Found a stone staircase leading up.
Found 27 stones.
There is a stone staircase leading down here.
You climb downwards.
There is a stone staircase leading up here.
Found 5 stones.
Found a radiant altar of Vehumet.
A frost-covered statue comes into view.
Marking area around a statue as unsafe for travelling.
You see here 17 gold pieces.
You now have 17 gold pieces.
Unknown command.
There is a radiant altar of Vehumet here.
There is a radiant altar of Vehumet here.
A white imp comes into view.
The helpless white imp fails to defend itself.
You impale the white imp!!
You kill the white imp!
Your Short Blades skill increases to level 3!
You have reached level 2!
Unknown command.
You now have 31 gold pieces (gained 14).
A sky beast and a centaur come into view.
The centaur shouts!
The centaur wields a +0 shortbow.
The centaur shoots an arrow.
The arrow hits you!
Ouch! That really hurt!
The centaur shoots an arrow.
The arrow hits you.
You die...

#.# #.#.# ##.##
#.#.#
##...####.#.#
#.#.........###
##
##.#.#####.....
..# ##.##
##..######c..
###
#.....##...Y.
#.###.##.# #.#
#.@..# #.#
#.#### #.....#
.####


You could see a centaur.

Vanquished Creatures
  A white imp (D:6)
1 creature vanquished.

Notes
Turn   | Place    | Note
-------+----------+-------------------------------------------
     0 | D:5      | willcat the Kobold Delver began the quest for the Orb.
     0 | D:5      | Reached XP level 1. HP: 14/14 MP: 1/1
   197 | D:6      | Found a radiant altar of Vehumet.
   199 | D:6      | Noticed a frost-covered statue
   277 | D:6      | Reached XP level 2. HP: 19/19 MP: 2/2
   300 | D:6      | Noticed a centaur
   300 | D:6      | Noticed a sky beast
   302 | D:6      | Shot with an arrow by a centaur

Illustrated notes

Levels and vault maps discovered:
D:5:      layout_loops_ring, serial_shops, shop, uniq_eustachio, uniq_grinder
D:6:      layout_loops_ring, overflow_temple_1_default, vehumet_statue,
          uniq_duvessa

Skill      XL: |  1 |
---------------+----+-----
Short Blades   | 3 |  3.0
Fighting       | |  3.2
Dodging        | |  2.7
Stealth        | |  6.8

Action                   || total
-------------------------++-------
Melee: Short sword       ||     1
 Stab: Sleeping          ||     1

Table legend: (Time is in decaauts)
 A = Elapsed time spent in this place.
 B = Non-inter-level travel time spent in this place.
 C = Inter-level travel time spent in this place.
 D = Time resting spent in this place.
 E = Time spent auto-exploring this place.
 F = Levels seen in this place.
 G = Mean time per level.
                   A        B        C        D        E       F      G
               +--------+--------+--------+--------+--------+-----+--------+
         Total |    301 |    247 |     54 |      0 |    219 |   2 |  150.5 |
       Dungeon |    301 |    247 |     54 |      0 |    219 |   2 |  150.5 |
               +--------+--------+--------+--------+--------+-----+--------+

Top non-repeatable levels by time:
     D:5: 178 daAuts
     D:6: 123 daAuts
